 Dungeon Crawl Stone Soup version 0.30-b1-2-g02819fbbbe (webtiles) character file.

Game seed: 13455547094205914324

33 MisterFreud the Ducker (level 3, -1/17 HPs)
             Began as a Felid Berserker on Aug 1, 2023.
             Was a Follower of Trog.
             Slain by an adder (2 damage)
             ... on level 2 of the Dungeon.
             The game lasted 00:01:09 (832 turns).

MisterFreud the Ducker (Felid Berserker)             Turns: 832, Time: 00:01:09

Health: -1/17      AC:  1    Str: 13    XL:     3   Next: 12%
Magic:  4/4        EV: 18    Int:  8    God:    Trog [*.....]
Gold:   80         SH:  0    Dex: 17    Spells: 2/2 levels left
                                        Lives:  0   Deaths: 0

rFire   . .          .
                       - Unarmed
rCold   . . .        (shield unavailable)
rNeg    . . .        (body armour unavailable)
rPois   .            (helmet unavailable)
rElec   .            (cloak unavailable)
rCorr   .            (gloves unavailable)
SInv    +            (boots unavailable)
Will    .....        (no amulet)
Stlth   ++           (no ring)
HPRegen 0.22/turn    (no ring)
MPRegen 0.09/turn

%: no passive effects
@: lethally poisoned (-1 -> -6), quick
A: very small, claws 1, fangs 3, see invisible, speed 1, shaggy fur 1, stealthy
paws, no weapons or thrown items, no armour, multi-lived
a: Renounce Religion, Berserk


You were on level 2 of the Dungeon.
You worshipped Trog.
Trog was aware of your devotion.
You visited 1 branch of the dungeon, and saw 2 of its levels.

You collected 80 gold pieces.

Inventory:

Scrolls
 b - a scroll of magic mapping {unknown}
 d - 2 scrolls of identify
Potions
 a - a potion of curing {unknown}
 c - a potion of heal wounds
 f - a potion of lignification {unknown}
 g - a potion of attraction {unknown}
 h - a potion of berserk rage {unknown}


   Skills:
 - Level 3.0 Fighting
 - Level 4.0 Dodging
 + Level 2.8 Stealth
 + Level 3.7 Unarmed Combat


You had 2 spell levels left.
You didn't know any spells.
Your spell library was empty.

Dungeon Overview and Level Annotations

Branches:
Dungeon (2/15)

Altars:
Ru


Innate Abilities, Weirdness & Mutations

You have sharp claws.
You have razor-sharp teeth.
You have supernaturally acute eyesight. (SInv)
You cover ground quickly. (Speed+)
You are covered in fur. (AC +1)
Your paws help you pounce on unaware monsters.
You are incapable of wielding weapons or throwing items.
You cannot wear armour.
You gain extra lives every three experience levels.


Message History

You claw the dart slug!
You kill the dart slug!
Trog accepts your kill.
You see here a dart slug corpse. 2 adders come into view.
Found 11 gold pieces.
There are monsters nearby!
There are monsters nearby!
The adder hisses angrily.
The adder barely misses you.
The adder hisses angrily.
You barely miss the adder. The adder completely misses you.
The adder closely misses you.
You scratch the adder.
The adder is heavily wounded.
The adder completely misses you. The adder misses you.
You closely miss the adder.
The adder is heavily wounded.
The adder misses you. The adder completely misses you.
The adder bites you but does no damage.
You miss the adder.
The adder is heavily wounded.
The adder misses you. The adder completely misses you.
You miss the adder.
The adder is heavily wounded.
The adder barely misses you. The adder closely misses you.
You barely miss the adder.
The adder is heavily wounded.
The adder bites you. The adder completely misses you. The adder bites you.
You barely miss the adder.
The adder is heavily wounded.
The adder bites you. The adder closely misses you. The adder bites you.
* * * LOW HITPOINT WARNING * * *
The adder attacks as you move away! The adder bites you.
* * * LOW HITPOINT WARNING * * *
You are lethally poisoned!
The adder poisons you!
* * * LOW HITPOINT WARNING * * *
You feel sick. The adder bites you.
You die...

#.#......### #$#.####.#
# #.. ###.# .....# #..
##...# ..... #
###.###†.### .... ..
###...#...######..###.
..#.......###...#.......
......#.##.........#..##
..####.@................
......S.##.._..##.[...#
..#####S##.........#.##
..##.....###...#
#.#####..###...#### ##.
##...###..#.... #..
#...##....#.###
#.####......##...#
#.##......###..#####


You could see 2 adders.

Vanquished Creatures
  2 dart slugs
  6 ball pythons
  2 bats
  An endoplasm (D:1)
  3 giant cockroaches (D:1)
  2 hobgoblins (D:1)
  5 frilled lizards
  3 goblins (D:1)
  A kobold (D:1)
  3 rats (D:1)
28 creatures vanquished.

Notes
Turn   | Place    | Note
-------+----------+-------------------------------------------
     0 | D:1      | MisterFreud the Felid Berserker began the quest for the
                  | Orb.
     0 | D:1      | Reached XP level 1. HP: 10/10 MP: 2/2
    88 | D:1      | Reached skill level 1 in Stealth
   154 | D:1      | Reached XP level 2. HP: 14/14 MP: 3/3
   690 | D:2      | Found a sacrificial altar of Ru.
   736 | D:2      | Reached XP level 3. HP: 17/17 MP: 4/4
   832 | D:2      | Slain by an adder

Illustrated notes

Levels and vault maps discovered:
D:1:      minmay_arrival_widening_spiral_wide, layout_loops_cross
D:2:      layout_rooms, basic_altar, uniq_jessica, uniq_natasha

Skill      XL: |  1  2 |
---------------+-------+-----
Stealth        | 1 2 |  2.8
Fighting       | |  3.0
Dodging        | |  4.0
Unarmed Combat | |  3.7

Action                     || total
---------------------------++-------
  Melee: Unarmed           ||    72
         Bite              ||     7
         Punch             ||     2
    Use: Scroll            ||     4
   Stab: Sleeping          ||     6
 Armour: Skin              ||     4
  Dodge: Dodged            ||    65
